 Dungeon Crawl Stone Soup version 0.26-a0-597-gb535b0901c (webtiles) character file.

Game seed: 11122181883098331803

154 Flugslaktarn the Skirmisher (level 5, -1/48 HPs)
             Began as a Minotaur Fighter on Sept 13, 2020.
             Slain by a centaur (6 damage)
             ... on level 5 of the Dungeon.
             The game lasted 00:00:50 (1113 turns).

Flugslaktarn the Skirmisher (Minotaur Fighter)      Turns: 1113, Time: 00:00:51

Health: -1/48      AC:  8    Str: 21    XL:     5   Next: 13%
Magic:  4/4        EV:  7    Int:  5    God:
Gold:   80         SH:  9    Dex: 10    Spells: 4/4 levels left

rFire    . . .     SeeInvis .   a - +0 war axe
rCold    . . .     Faith    .   c - +0 kite shield
rNeg     . . .     Spirit   .   b - +0 scale mail
rPois    .         Reflect  .   (helmet restricted)
rElec    .         Harm     .   (no cloak)
rCorr    .                      j - +0 pair of gloves
MR       +....                  (no boots)
Stlth    ..........             (no amulet)
HPRegen  0.16/turn              m - ring of protection from magic
MPRegen  0.09/turn              (no ring)

@: mighty
A: retaliatory headbutt, horns 2
a: no special abilities


You were on level 5 of the Dungeon.
You visited 1 branch of the dungeon, and saw 5 of its levels.

You collected 80 gold pieces.

Inventory:

Hand Weapons
 a - a +0 war axe (weapon)
Armour
 b - a +0 scale mail (worn)
 c - a +0 kite shield (worn)
 j - a +0 pair of gloves (worn)
   (You found it on level 1 of the Dungeon)
Jewellery
 m - a ring of protection from magic (left hand)
   (You found it on level 1 of the Dungeon)
Scrolls
 e - 2 scrolls of identify {unknown}
 f - a scroll of immolation {unknown}
 i - 2 scrolls of teleportation {unknown}
 k - a scroll of enchant weapon {unknown}
 l - a scroll of fog {unknown}
 n - a scroll of amnesia {unknown}
 o - 2 scrolls of magic mapping {unknown}
 p - a scroll of remove curse {unknown}
Potions
 g - a potion of heal wounds {unknown}
 h - a potion of resistance {unknown}
 q - 2 potions of curing


   Skills:
 * Level 5.0 Fighting
 * Level 4.3 Axes
 + Level 4.3 Armour
 + Level 4.3 Shields


You had 4 spell levels left.
You didn't know any spells.
Your spell library was empty.

Dungeon Overview and Level Annotations

Branches:
Dungeon (4/15)
 Temple: D:4-7

Altars:
Ashenzari
Nemelex Xobeh


Innate Abilities, Weirdness & Mutations

You reflexively headbutt those who attack you in melee.
You have a pair of horns on your head.


Message History

You are too injured to fight recklessly!
You are too injured to fight recklessly!
You are too injured to fight recklessly!
You are too injured to fight recklessly!
You are too injured to fight recklessly!
You are too injured to fight recklessly!
You are too injured to fight recklessly!
Unknown command.
The centaur shoots an arrow.
You block the arrow.
You see here 2 arrows.
You see here an arrow.
You see here an arrow.
There is an open door here.
The centaur shoots an arrow.
The arrow closely misses you.
You feel better.
The centaur shoots an arrow.
You block the arrow. The iguana bites you.
* * * LOW HITPOINT WARNING * * *
You feel very mighty all of a sudden.
The centaur unwields a +0 shortbow.
The centaur hits you.
You die...

#.# #.# #.#
#.# #.###.#
#..##.#
##'##'#####
#.....)...#
+.........#
#..cl.....#
#..(@.....#
#.........#
#.........#
#....>....#
#......(..#
#.........#
#.........#
###########


You could see a centaur and an iguana.

Vanquished Creatures
  A worker ant (D:4)
  Natasha (D:3)
  2 adders (D:2)
  4 gnolls (D:2)
  2 worms (D:2)
  A dart slug (D:2)
  2 giant cockroaches
  2 goblins (D:1)
  5 hobgoblins
  4 jackals (D:4)
  2 quokkas
  4 bats
  3 frilled lizards (D:1)
  5 kobolds
  A rat (D:2)
39 creatures vanquished.

Vanquished Creatures (others)
  A plant (D:2)
1 creature vanquished.

Grand Total: 40 creatures vanquished

Notes
Turn   | Place    | Note
-------+----------+-------------------------------------------
     0 | D:1      | Flugslaktarn the Minotaur Fighter began the quest for the
                  | Orb.
     0 | D:1      | Reached XP level 1. HP: 19/19 MP: 0/0
   275 | D:1      | Reached XP level 2. HP: 27/27 MP: 1/1
   421 | D:2      | Reached skill level 4 in Fighting
   426 | D:2      | Reached XP level 3. HP: 27/33 MP: 2/2
   444 | D:2      | Reached XP level 4. HP: 30/41 MP: 3/3
   534 | D:2      | Found a sparkling altar of Nemelex Xobeh.
   594 | D:2      | Found a shattered altar of Ashenzari.
   995 | D:3      | Noticed Natasha
  1001 | D:3      | Killed Natasha
  1042 | D:4      | Reached skill level 5 in Fighting
  1042 | D:4      | Reached XP level 5. HP: 44/48 MP: 4/4
  1063 | D:4      | You fall into a shaft and drop 1 floor!
  1063 | D:5      | Entered Level 5 of the Dungeon
  1090 | D:5      | Noticed a centaur
  1113 | D:5      | Slain by a centaur

Illustrated notes

Levels and vault maps discovered:
D:1:      dpeg_arrival_stone_temple_mockup, layout_rooms, serial_bayou_lake_a
D:2:      minmay_spotlight, layout_rooms, nicolae_overflow_hidden_temple,
          corexii_shack, nemelex_altar_shiori
D:3:      layout_loops_ring, uniq_natasha
D:4:      layout_loops_ring, serial_shops, nicolae_shop_behind_doors,
          nicolae_ossuary_entry_plus, ebering_ghost_disaster_area, uniq_robin,
          uniq_duvessa, uniq_crazy_yiuf_cottage
D:5:      layout_basic, minmay_temple_entry_drinking_statues

Skill      XL: |  1  2  3  4 |
---------------+-------------+-----
Axes           | 3 4 |  4.3
Fighting       | 4 5 |  5.0
Shields        | 4 |  4.3
Armour         | 4 |  4.3

Action                   |  1- 3 |  4- 6 || total
-------------------------+-------+-------++-------
Melee: War axe           |    51 |    46 ||    97
       Headbutt          |     7 |     2 ||     9
  Use: Potion            |       |     4 ||     4
Armor: Scale mail        |    32 |    28 ||    60
Dodge: Dodged            |    20 |    12 ||    32
Block: Kite shield       |    32 |    36 ||    68

Table legend: (Time is in decaauts)
 A = Elapsed time spent in this place.
 B = Non-inter-level travel time spent in this place.
 C = Inter-level travel time spent in this place.
 D = Time resting spent in this place.
 E = Time spent auto-exploring this place.
 F = Levels seen in this place.
 G = Mean time per level.
                   A        B        C        D        E       F      G
               +--------+--------+--------+--------+--------+-----+--------+
         Total |   1163 |   1126 |     37 |      0 |    834 |   5 |  232.6 |
       Dungeon |   1163 |   1126 |     37 |      0 |    834 |   5 |  232.6 |
               +--------+--------+--------+--------+--------+-----+--------+

Top non-repeatable levels by time:
     D:2: 500 daAuts
     D:1: 440 daAuts
     D:3: 135 daAuts
     D:5: 51 daAuts
     D:4: 35 daAuts
